 Dungeon Crawl Stone Soup version 0.14.0-7-g2801ba0 (webtiles) character file.

10795 RogerD the Grappler (level 11, -3/105 HPs)
             Began as a Troll Monk on Apr 12, 2014.
             Was a High Priest of Dithmenos.
             Slain by a seven-headed hydra (10 damage)
             ... on Level 2 of the Lair of Beasts.
             The game lasted 02:56:37 (10336 turns).

RogerD the Grappler (Troll Monk)                   Turns: 10336, Time: 02:56:37

HP  -3/105       AC  9     Str 22      XL: 11   Next: 33%
MP   5/5         EV 15     Int  6      God: Dithmenos [*****.]
Gold 543         SH  0     Dex 14      Spells:  0 memorised, 10 levels left

rFire  + . .     SeeInvis .       - Unarmed
rCold  . . .     Clarity  .     z - +1 robe {rF+}
rNeg   . . .     Conserve .     (shield restricted)
rPois  +         rCorr    .     (helmet restricted)
rElec  .         rRot     .     s - +2 cloak {rPois}
SustAb + .       Spirit   .     (gloves unavailable)
rMut   .         Warding  .     (boots unavailable)
Gourm  +         Stasis   .     (no amulet)
MR     .....                    G - ring of sustain abilities
                                L - ring of teleport control

@: wreathed by umbra, not resistant to hostile enchantments, quite stealthy
A: unfitting armour, claws 3, fast metabolism 3, gourmand, regeneration 2,
saprovore 2, shaggy fur 1, tough skin 2
a: Shadow Step, Shadow Form, Renounce Religion, Evoke Teleport Control


You were on level 2 of the Lair of Beasts.
You worshipped Dithmenos.
Dithmenos was extremely pleased with you.
You were not hungry.

You visited 3 branches of the dungeon, and saw 13 of its levels.
You also visited: Ossuary and Ice Cave.

You collected 543 gold pieces.

Inventory:

Missiles
 U - 15 darts (quivered)
Armour
 a - a +0 robe
 s - a +2 cloak of poison resistance (worn)
 z - a +1 robe of fire resistance (worn)
Magical devices
 e - a wand of digging (8)
 l - a wand of magic darts (8)
 o - a wand of cold (0)
 E - a wand of digging (19)
 J - a wand of hasting (0)
 O - a wand of disintegration (6)
 Q - a wand of digging (10)
Comestibles
 b - 11 meat rations
 c - 15 sultanas
 h - a royal jelly
 i - 4 bread rations
 u - a rambutan
 C - an apple
Scrolls
 f - 7 scrolls of teleportation
 g - 7 scrolls of remove curse
 j - a scroll of noise
 k - 2 scrolls of amnesia
 q - 4 scrolls of identify
 r - a scroll of fog
 w - a scroll of enchant weapon III {unknown}
 x - a scroll of random uselessness
 y - 2 scrolls of enchant weapon I {unknown}
 B - a scroll of blinking {unknown}
 N - a scroll of recharging {unknown}
 R - a scroll of magic mapping
 T - a scroll of fear
Jewellery
 n - an uncursed ring of protection from fire
 p - an uncursed ring of magical power
 G - a ring of sustain abilities (right claw)
 I - an uncursed ring of see invisible
 L - a ring of teleport control (left claw)
 M - an uncursed ring of hunger {unknown}
Potions
 d - 2 potions of restore abilities
 t - 3 potions of brilliance
 v - 2 potions of haste
 A - a potion of invisibility
 D - a potion of curing
 F - a potion of might {unknown}
 K - a potion of agility {unknown}
 V - a potion of paralysis {unknown}
Books
 P - a book of Control

   Spells                             Type                      Level
   Control Teleport                   Charms/Translocation         4
   Control Undead                     Necromancy                   4
   Enslavement                        Hexes                        4
   Metabolic Englaciation             Hexes/Ice                    5
   Mass Confusion                     Hexes                        6
Magical staves
 H - an uncursed staff of earth {unknown}
Miscellaneous
 m - an ornate deck of changes
 S - a plain deck of changes


   Skills:
 + Level 6.0 Fighting
 + Level 7.3 Throwing
 + Level 9.1 Dodging
 + Level 3.3 Stealth
 + Level 10.1 Unarmed Combat
 + Level 0.8 Evocations


You had 10 spell levels left.
You didn't know any spells.

Dungeon Overview and Level Annotations

Branches:
Dungeon (10/15)            Temple (1/1) D:6            Lair (2/8) D:10
    Orc: D:9-12

Altars:
Ashenzari
Cheibriados
Dithmenos
Elyvilon
Fedhas
Kikubaaqudgha
Makhleb
Nemelex Xobeh
Okawaru
Sif Muna
Vehumet
Yredelemnul
Zin
The Shining One


Innate Abilities, Weirdness & Mutations

You are too large for most types of armour.
You have claws for hands.
Your metabolism is lightning-fast.
You like to eat raw meat.
You heal very quickly.
You can eat rotten meat.
You are covered in fur (AC +1).
You have very tough skin (AC +2).


Message History

The seven-headed hydra bites you!
* * * LOW HITPOINT WARNING * * *
Unknown command.
The seven-headed hydra bites you!
* * * LOW HITPOINT WARNING * * *
The seven-headed hydra barely misses you.
The seven-headed hydra bites you but does no damage.
The seven-headed hydra closely misses you.
The seven-headed hydra bites you.
* * * LOW HITPOINT WARNING * * *
The seven-headed hydra bites you.
* * * LOW HITPOINT WARNING * * *
The seven-headed hydra barely misses you.
Drink which item? (? for menu, Esc to quit)
You feel better. The seven-headed hydra bites you!
* * * LOW HITPOINT WARNING * * *
The seven-headed hydra barely misses you.
The seven-headed hydra bites you but does no damage.
The seven-headed hydra bites you!
You die...

##........#....#.
#..#f.Pf.........
##.#####.....###.
#%#........##
#.##.##....#
#..#.#P.#..#
#......%#######
##....##.##f#.###
#.@#.####.....#.#
#.D### #f%%....#
##.# ##.%...##
##.## #......# ##
#...####......#..#
#......###.......##
######.f.##.<....≈.
#....<......≈≈≈
##........>≈♣♣≈


You could see a seven-headed hydra (bleeding).

Vanquished Creatures
  Erolcha (D:8)
  Joseph (D:7)
  A spiny frog (Lair:1)
  A komodo dragon (Lair:2)
  Grinder (D:6)
  A polar bear (Lair:1)
  A troll (D:10)
  6 yaks
  A hippogriff (Lair:1)
  5 wolves (IceCv)
  A hungry ghost (D:4)
  Edmund (D:5)
  A necrophage (D:8)
  2 porcupines (Lair:1)
  A water moccasin (Lair:1)
  5 ogres
  9 ice beasts
  2 sky beasts
  2 orc warriors
  3 giant goldfish (D:6)
  A lava worm (D:10)
  Sigmund (D:5)
  2 big kobolds
  6 centaurs
  A crocodile (Lair:1)
  2 giant slugs (Lair:1)
  2 elf skeletons (D:4)
  A gnoll sergeant (D:7)
  5 giant frogs
  An elf zombie (D:4)
  An eye of draining (D:9)
  A scorpion (D:6)
  7 killer bees
  A goliath beetle (D:8)
  2 electric eels (D:6)
  4 crimson imps
  A human zombie (D:4)
  A lava snake (D:10)
  4 orc priests
  5 big fish (D:6)
  2 jellies
  Crazy Yiuf (D:2)
  A centaur skeleton (D:8)
  4 hounds
  4 orc wizards
  5 iguanas
  7 sheep (Lair:2)
  5 worker ants
  An ogre zombie (D:6)
  Ijyb (D:5)
  11 mummies (Ossuary)
  10 adders
  11 gnolls
  16 green rats (Lair:1)
  2 shadow imps
  A steam dragon zombie (D:10)
  6 worms
  6 giant mites
  An adder skeleton (D:4)
  2 giant eyeballs
  9 giant geckos
  An ooze (D:3)
  36 orcs
  13 bats
  4 giant cockroaches
  14 goblins
  16 hobgoblins
  14 jackals
  7 quokkas
  A ball python (D:6)
  2 giant newts (D:2)
  3 gnoll skeletons (Ossuary)
  2 goblin skeletons (Ossuary)
  A hobgoblin skeleton (D:5)
  24 kobolds
  A kobold skeleton (Ossuary)
  6 orc skeletons
  A quokka skeleton (D:4)
  14 rats
  11 rat skeletons (Ossuary)
  A ballistomycete (D:9)
  A bush (Lair:1)
  2 butterflies (D:9)
  A fungus (Lair:1)
377 creatures vanquished.

Vanquished Creatures (others)
  2 giant spores
  A butterfly (D:4)
3 creatures vanquished.

Grand Total: 380 creatures vanquished

Notes
Turn   | Place    | Note
--------------------------------------------------------------
     0 | D:1      | RogerD, the Troll Monk, began the quest for the Orb.
     0 | D:1      | Reached XP level 1. HP: 22/22 MP: 1/1
   276 | D:1      | Reached XP level 2. HP: 17/29 MP: 1/1
   461 | D:1      | Reached XP level 3. HP: 23/36 MP: 2/2
  1011 | D:2      | Found a radiant altar of Vehumet.
  1034 | D:2      | Reached XP level 4. HP: 42/44 MP: 2/2
  1353 | D:2      | Noticed Crazy Yiuf
  1359 | D:2      | Killed Crazy Yiuf
  1359 | D:2      | Reached skill level 1 in Throwing
  1451 | D:3      | Reached skill level 5 in Unarmed Combat
  1460 | D:3      | Reached XP level 5. HP: 47/53 MP: 2/2
  1675 | D:3      | Found an iron altar of Okawaru.
  1852 | D:3      | Found a glowing silver altar of Zin.
  1920 | D:3      | Found an ancient bone altar of Kikubaaqudgha.
  1935 | D:3      | Found a white marble altar of Elyvilon.
  2077 | D:3      | Noticed a centaur
  2085 | D:3      | Killed a centaur
  2085 | D:3      | Reached XP level 6. HP: 39/61 MP: 3/3
  2419 | D:4      | Noticed a hungry ghost
  2435 | D:4      | Killed a hungry ghost
  2541 | D:4      | Reached XP level 7. HP: 49/67 MP: 3/3
  2588 | D:4      | Found a sand-covered staircase.
  2599 | D:4      | Reached skill level 6 in Unarmed Combat
  2602 | Ossuary  | Entered an ossuary
  2977 | D:4      | Reached skill level 5 in Dodging
  3157 | D:4      | Reached XP level 8. HP: 37/78 MP: 3/3
  3519 | D:5      | Entered Level 5 of the Dungeon
  3602 | D:5      | Noticed Sigmund
  3807 | D:5      | Noticed Ijyb
  3823 | D:5      | Killed Ijyb
  3823 | D:5      | Reached skill level 7 in Unarmed Combat
  3956 | D:5      | Killed Sigmund
  4127 | D:5      | Noticed Edmund
  4156 | D:5      | Killed Edmund
  4527 | D:6      | Noticed Grinder
  4793 | D:6      | Killed Grinder
  4907 | D:6      | Reached XP level 9. HP: 77/85 MP: 4/4
  4926 | D:6      | Found a staircase to the Ecumenical Temple.
  4941 | Temple   | Entered the Ecumenical Temple
  4957 | Temple   | Became a worshipper of Dithmenos the Shadowed
  4957 | Temple   | Acquired Dithmenos' first power
  5264 | D:6      | Reached skill level 8 in Unarmed Combat
  6058 | D:7      | Noticed Joseph
  6099 | D:7      | Paralysed by a giant eyeball for 2 turns
  6105 | D:7      | Paralysed by a giant eyeball for 4 turns
  6152 | D:7      | Killed Joseph
  6152 | D:7      | Reached skill level 5 in Fighting
  6266 | D:7      | Reached skill level 5 in Throwing
  6387 | D:7      | Acquired Dithmenos' second power
  6734 | D:7      | Reached XP level 10. HP: 64/96 MP: 4/4
  6876 | D:8      | Noticed Erolcha
  6905 | D:8      | Killed Erolcha
  6905 | D:8      | Reached skill level 9 in Unarmed Combat
  7050 | D:8      | Found a shattered altar of Ashenzari.
  7484 | D:8      | Acquired Dithmenos' third power
  7853 | D:9      | Found a white marble altar of Elyvilon.
  8097 | D:10     | Entered Level 10 of the Dungeon
  8393 | D:10     | Found a staircase to the Lair.
  8608 | Lair:1   | Entered Level 1 of the Lair of Beasts
  8723 | Lair:1   | Found a frozen archway.
  8782 | Lair:1   | Reached XP level 11. HP: 41/105 MP: 5/5
  9125 | IceCv    | Entered an ice cave
  9136 | IceCv    | Reached skill level 10 in Unarmed Combat
  9765 | Lair:1   | Acquired Dithmenos' fourth power
  9838 | Lair:2   | Noticed a four-headed hydra
 10336 | Lair:2   | Slain by a seven-headed hydra

Action                   |  1- 3 |  4- 6 |  7- 9 | 10-12 || total
-------------------------+-------+-------+-------+-------++-------
Melee: Unarmed           |    77 |   114 |   414 |   478 ||  1083
Throw: Stone             |    35 |    55 |   107 |       ||   197
       Javelin           |       |       |    37 |    38 ||    75
       Tomahawk          |       |       |    24 |       ||    24
       Dart              |       |       |       |    40 ||    40
Evoke: Wand              |       |       |     4 |     8 ||    12
  Use: Scroll            |     2 |     2 |    14 |     3 ||    21
       Potion            |       |       |     5 |     4 ||     9
 Stab: Sleeping          |       |       |     3 |     2 ||     5
